[Event "ICC tourney 2667 (40 10)"]
[Site "Internet Chess Club"]
[Date "2021.09.11"]
[Round "1"]
[White "Wang, Eigen:eigenator"]
[Black "REMPE, MIEKE:MChessy"]
[Result "1-0"]
[ICCResult "Black resigns"]
[WhiteElo "2285"]
[BlackElo "1900"]
[Opening "Caro-Kann: Tartakower (fantasy) variation"]
[ECO "B12"]
[NIC "CK.02"]
[Time "11:01:27"]
[TimeControl "2400+10"]

1. e4 c6 2. d4 d5 3. f3 dxe4 4. fxe4 Nf6 5. e5 Nd5 6. Bd3 Nd7 7. e6 N7f6 8.
exf7+ Kxf7 9. Nf3 Kg8 10. Qe2 Qc7 11. O-O Bg4 12. h3 Bh5 13. Nc3 Re8 14.
Nxd5 Nxd5 15. Qe6+ {Black resigns} 1-0

[Event "ICC tourney 2667 (40 10)"]
[Site "Internet Chess Club"]
[Date "2021.09.11"]
[Round "1"]
[White "WINDRAM, JAMES ALEXANDER:Cypsiurus"]
[Black "RAMBHA, HEMACHANDRA:HR2005"]
[Result "0-1"]
[ICCResult "White resigns"]
[WhiteElo "1639"]
[BlackElo "2044"]
[Opening "Sicilian: Najdorf, Byrne (English) attack"]
[ECO "B90"]
[NIC "SI.14"]
[Time "11:01:30"]
[TimeControl "2400+10"]

1. e4 c5 2. Nf3 d6 3. d4 cxd4 4. Nxd4 Nf6 5. Nc3 a6 6. Be3 e5 7. Nb3 Be6 8.
f3 Be7 9. Qd2 Nbd7 10. O-O-O O-O 11. g4 b5 12. g5 b4 13. Ne2 Ne8 14. f4 a5
15. f5 a4 16. fxe6 axb3 17. cxb3 fxe6 18. Bh3 Nc7 19. Kb1 d5 20. Bxe6+ Nxe6
21. Qxd5 Nc5 22. Qxe5 Qa5 23. Nc1 Rfe8 24. h4 Bf8 25. Rhf1 Nxb3 26. Rd5 Qa6
27. axb3 Qxf1 28. Rd7 Qa6 29. Qf5 Qa1+ 30. Kc2 Rac8+ 31. Kd1 Rcd8 32. Qf7+
Kh8 33. Ke1 Rxd7 34. Qxe8 Re7 35. Qc8 Qxb2 36. Bd2 Qd4 {White resigns} 0-1

[Event "ICC tourney 2667 (40 10)"]
[Site "Internet Chess Club"]
[Date "2021.09.11"]
[Round "1"]
[White "Nesham, William Joseph:FireFox95"]
[Black "WU, EVERETT:EW2006"]
[Result "1-0"]
[ICCResult "Black resigns"]
[WhiteElo "2008"]
[BlackElo "1602"]
[Opening "Scotch gambit: Benima defense"]
[ECO "C50"]
[NIC "IG.03"]
[Time "11:02:03"]
[TimeControl "2400+10"]

1. e4 e5 2. Nf3 Nc6 3. Bc4 Be7 4. d4 exd4 5. O-O Bf6 6. Re1 d6 7. Bf4 Ne5 8.
Bb3 Nxf3+ 9. Qxf3 Be6 10. Nd2 Ne7 11. Rad1 Ng6 12. Bxe6 fxe6 13. Bg3 O-O 14.
Qb3 Qc8 15. Nf3 Kh8 16. Nxd4 Bxd4 17. Rxd4 e5 18. Rd2 b6 19. h3 Qd7 20. Qd5
Qf7 21. Qc6 Rac8 22. b3 Qe8 23. Qc3 Qe7 24. Red1 Rfd8 25. Qe3 Rd7 26. c4 a6
27. Kh1 c5 28. Rd3 b5 29. Qd2 Rc6 30. cxb5 axb5 31. Qa5 Rb7 32. Qa8+ Nf8 33.
Rf3 Kg8 34. Bh4 Ra7 35. Qxc6 Qd7 36. Qd5+ Ne6 37. Bf6 Rxa2 38. Bxe5 h6 39.
Qxd6 {Black resigns} 1-0

[Event "ICC tourney 2667 (40 10)"]
[Site "Internet Chess Club"]
[Date "2021.09.11"]
[Round "1"]
[White "REMPE, JONAS JAKOB RAZA:Drachekokosnuss"]
[Black "DEVINENI, SRITAN:sritand"]
[Result "1-0"]
[ICCResult "Black resigns"]
[WhiteElo "2100"]
[BlackElo "1754"]
[Opening "French: exchange variation"]
[ECO "C01"]
[NIC "FR.01"]
[Time "11:01:28"]
[TimeControl "2400+10"]

1. e4 e6 2. d4 d5 3. exd5 exd5 4. Nf3 Bd6 5. Bd3 Ne7 6. c4 c6 7. c5 Bc7 8.
O-O O-O 9. Qc2 f5 10. Bg5 h6 11. Bxe7 Qxe7 12. Nbd2 Qf7 13. Rae1 Nd7 14. Nh4
Qh5 15. g3 Nf6 16. Nxf5 Ng4 17. Ne7+ Kh8 18. Ng6+ Kg8 19. h4 Rd8 20. Ne7+
Kh8 21. Bg6 Ne3 22. Rxe3 Qg4 23. Nxc8 Raxc8 24. Bf5 Qh5 25. Bxc8 Rxc8 26.
Rfe1 b6 27. Nf3 Rf8 28. Ne5 Bxe5 29. Rxe5 Qf7 30. Re7 Qh5 31. R1e5 Qf3 32.
Re8 bxc5 33. Rxf8+ Qxf8 34. Qg6 {Black resigns} 1-0

[Event "ICC tourney 2667 (40 10)"]
[Site "Internet Chess Club"]
[Date "2021.09.11"]
[Round "1"]
[White "CHRISNEY, ADAM RENFRO:arenfroc"]
[Black "FILIPOVICH, DAVID MICHAEL:dmfcan"]
[Result "0-1"]
[ICCResult "White resigns"]
[WhiteElo "1668"]
[BlackElo "2050"]
[Opening "Caro-Kann: anti-anti-Caro-Kann defense"]
[ECO "B10"]
[NIC "CK.01"]
[Time "11:01:40"]
[TimeControl "2400+10"]

1. e4 c6 2. c4 d5 3. exd5 cxd5 4. cxd5 Nf6 5. Nc3 Nxd5 6. Bc4 e6 7. Qe2 Nb6
8. Bb3 Nc6 9. Nf3 Be7 10. O-O O-O 11. Ne5 Nd4 12. Qd1 Nxb3 13. Qxb3 Nd7 14.
d4 Nxe5 15. dxe5 Qc7 16. Bf4 Bd7 17. Rac1 Bc6 18. Rfe1 Rfd8 19. Ne4 Qb6 20.
Qh3 Bxe4 21. Rxe4 Qxb2 22. Qg3 Qxc1+ {White resigns} 0-1

[Event "ICC tourney 2667 (40 10)"]
[Site "Internet Chess Club"]
[Date "2021.09.11"]
[Round "1"]
[White "Ghosh, Dipankar:Dipankar007"]
[Black "PARK, EVAN:espark"]
[Result "0-1"]
[ICCResult "White resigns"]
[WhiteElo "1850"]
[BlackElo "2210"]
[Opening "Réti: King's Indian attack (Barcza system)"]
[ECO "E06"]
[NIC "CA.05"]
[Time "11:01:44"]
[TimeControl "2400+10"]

1. Nf3 d5 2. g3 Nf6 3. Bg2 e6 4. O-O Be7 5. d4 O-O 6. c4 dxc4 7. Qc2 b5 8.
a4 b4 9. Qxc4 Bb7 10. Bg5 Nbd7 11. Rd1 Bd5 12. Qc2 c5 13. Bxf6 Nxf6 14. Ne5
Bxg2 15. Kxg2 Qd5+ 16. Kg1 cxd4 17. Nc6 Bc5 18. Rc1 Nd7 19. Na5 Bb6 20. Nc4
Rac8 21. b3 Ne5 22. Nbd2 d3 23. Nxb6 Rxc2 24. Nxd5 exd5 25. Rxc2 dxc2 26. h3
Rc8 27. Rc1 g5 28. f4 gxf4 29. gxf4 Ng6 30. e3 d4 31. exd4 Nxf4 32. Kf1 Nd3
{White resigns}
0-1

[Event "ICC tourney 2667 (40 10)"]
[Site "Internet Chess Club"]
[Date "2021.09.11"]
[Round "1"]
[White "NGUYEN, TIEN:ngthanhthuytien"]
[Black "CHENG, Claire:Clairehouses"]
[Result "1-0"]
[ICCResult "Black forfeits on time"]
[WhiteElo "2103"]
[BlackElo "1809"]
[Opening "English opening"]
[ECO "A05"]
[NIC "QP.11"]
[Time "11:01:29"]
[TimeControl "2400+10"]

1. Nf3 Nf6 2. c4 e6 3. e3 d5 4. b3 Be7 5. Bb2 O-O 6. Nc3 b6 7. Qc2 Bb7 8.
Bd3 c5 9. Ng5 h6 10. h4 Nc6 11. a3 dxc4 12. Bxc4 Qd7 13. Nce4 Nxe4 14. Qxe4
Bxg5 15. hxg5 Ne7 16. Qe5 Nf5 17. gxh6 Bxg2 18. Rh2 Rad8 19. O-O-O
{Black forfeits on time}
1-0

[Event "ICC tourney 2667 (40 10)"]
[Site "Internet Chess Club"]
[Date "2021.09.11"]
[Round "1"]
[White "JORAJURIA MENDOZA, ALGOL:AJM04"]
[Black "GUO, YU HAN (VERONICA):VeronicaG"]
[Result "1-0"]
[ICCResult "Black resigns"]
[WhiteElo "2050"]
[BlackElo "1650"]
[Opening "Caro-Kann: advance variation"]
[ECO "B12"]
[NIC "CK.04"]
[Time "11:01:31"]
[TimeControl "2400+10"]

1. e4 c6 2. d4 d5 3. e5 Bf5 4. h4 h5 5. c4 e6 6. Nc3 Ne7 7. Nge2 Nd7 8. Ng3
Bg6 9. Bg5 Qc7 10. Rc1 a6 11. cxd5 Nxd5 12. Nxd5 exd5 13. Be2 Bb4+ 14. Bd2
Be7 15. Nxh5 Bxh5 16. Bxh5 g6 17. Bf3 Rxh4 18. Rxh4 Bxh4 19. g3 Be7 20. Kf1
Qb6 21. Bc3 Nf8 22. Qd2 Ne6 23. Bg4 Ng5 24. f3 Kf8 25. Kg2 Kg7 26. Ba5 Qa7
27. Bb4 Bxb4 28. Qxb4 Rh8 29. e6 Re8 30. Re1 f5 31. Qd6 Qxd4 32. Qd7+ Kf8
33. f4 fxg4 34. fxg5 Qxb2+ 35. Kf1 Qb5+ 36. Re2 Re7 37. Qd8+ Re8 38. Qf6+
Kg8 39. Qf7+ Kh8 40. Qxe8+ Kh7 41. Qf7+ Kh8 42. e7 Qb1+ 43. Kg2 {Black
resigns} 1-0

[Event "ICC tourney 2667 (40 10)"]
[Site "Internet Chess Club"]
[Date "2021.09.11"]
[Round "1"]
[White "BONDALAPATI, SRI VIBHAV:Vibhu11"]
[Black "CHUBAKOV, SULTAN:schubakov"]
[Result "0-1"]
[ICCResult "White checkmated"]
[WhiteElo "1736"]
[BlackElo "2100"]
[Opening "Sicilian defense"]
[ECO "B40"]
[NIC "SI.43"]
[Time "11:01:58"]
[TimeControl "2400+10"]

1. e4 c5 2. Nf3 e6 3. Nc3 a6 4. a4 Qc7 5. d4 cxd4 6. Nxd4 Nf6 7. Bd3 Nc6 8.
Be3 Bb4 9. Ne2 d5 10. exd5 Nxd5 11. Bd2 Nf6 12. O-O O-O 13. Ng3 b6 14. Nce4
Nxe4 15. Nxe4 Bxd2 16. Nxd2 Bb7 17. Ne4 Ne5 18. Rc1 Rfd8 19. Qh5 Nxd3 20.
cxd3 Qe7 21. Ng5 h6 22. Nxf7 Rf8 23. Nxh6+ gxh6 24. Qg6+ Qg7 25. Qxe6+ Kh8
26. g3 Qf6 27. Qxf6+ Rxf6 28. Rfe1 Bc6 29. b3 Re8 30. Rxe8+ Bxe8 31. Kf1 Re6
32. Re1 Rxe1+ 33. Kxe1 Kg7 34. Kd2 Kf6 35. f3 Ke5 36. Ke3 a5 37. f4+ Kf5 38.
Kd4 Bf7 39. Kc3 Kg4 40. b4 Kh3 41. bxa5 bxa5 42. d4 h5 43. d5 Bxd5 44. Kd4
Bb3 45. Ke3 Kxh2 46. Kf3 Bd5+ 47. Kf2 Be4 48. Ke3 Kxg3 49. Kxe4 h4 50. f5 h3
51. f6 h2 52. f7 h1=Q+ 53. Kf5 Qa8 54. Ke6 Qf8 55. Kf6 Kf3 56. Ke6 Ke4 57.
Kf6 Kd5 58. Kg6 Ke6 59. Kg5 Qxf7 60. Kg4 Qf2 61. Kg5 Qf5+ 62. Kh4 Qg6 63.
Kh3 Kf5 64. Kh2 Kf4 65. Kh1 Kf3 66. Kh2 Qg2# {White checkmated} 0-1

[Event "ICC tourney 2667 (40 10)"]
[Site "Internet Chess Club"]
[Date "2021.09.11"]
[Round "1"]
[White "WU, WILLIAM:K09-15782241"]
[Black "Wan, Joseph Cheng-Yue:cyborg86"]
[Result "0-1"]
[ICCResult "White resigns"]
[WhiteElo "1916"]
[BlackElo "2295"]
[Opening "French: advance, Paulsen attack"]
[ECO "C02"]
[NIC "FR.03"]
[Time "11:01:28"]
[TimeControl "2400+10"]

1. e4 e6 2. d4 d5 3. e5 c5 4. c3 Nc6 5. Nf3 Qb6 6. a3 f6 7. b4 fxe5 8. dxe5
Nh6 9. Bxh6 gxh6 10. b5 Nd8 11. a4 Bg7 12. a5 Qc7 13. b6 Qb8 14. Bb5+ Nc6
15. Ra4 O-O 16. O-O Nxe5 17. Nxe5 Qxe5 18. Rg4 Qf6 19. Rg3 axb6 20. axb6 Ra2
21. f4 Rb2 22. Na3 c4 23. Qc1 Rb3 24. Rff3 Qe7 25. f5 Rxa3 26. f6 Rxf6 27.
Rxf6 Rb3 28. Qxh6 Rb1+ 29. Kf2 Rxb5 30. Rff3 Rb2+ 31. Kf1 Rb1+ 32. Ke2 e5
33. Rg5 Rxb6 34. Rxg7+ Qxg7 35. Qxb6 Qxg2+ 36. Ke3 Qg1+ 37. Rf2 Qe1+ 38. Kf3
Qe4+ {White resigns} 0-1

[Event "ICC tourney 2667 (40 10)"]
[Site "Internet Chess Club"]
[Date "2021.09.11"]
[Round "1"]
[White "GARG, PRIYANSH:Priyansh2011"]
[Black "SHAWKAT, SAIF:saif-shawkat"]
[Result "0-1"]
[ICCResult "White forfeits on time"]
[WhiteElo "1479"]
[BlackElo "1953"]
[Opening "King's Indian: Semi-Averbakh system"]
[ECO "E73"]
[NIC "KI.27"]
[Time "11:18:36"]
[TimeControl "2400+10"]

1. d4 Nf6 2. c4 g6 3. Nc3 Bg7 4. e4 d6 5. Be2 O-O 6. Be3 Na6 7. Qd2 c5 8.
dxc5 Nxc5 9. Bxc5 dxc5 10. Qxd8 Rxd8 11. Nf3 Bg4 12. O-O Bxf3 13. Bxf3 Rd4
14. b3 Rd3 15. Rac1 Nd7 16. Nd5 e6 17. Nf4 Rd4 18. Rcd1 Ne5 19. Ne2 Rdd8 20.
Ng3 Kf8 21. Be2 Nc6 22. Rxd8+ Rxd8 23. Rd1 Nd4 24. Kf1 Ke7 25. h3 Rd6 26.
Rd3 Ra6 27. a4 Rb6 28. Bd1 Nc6 29. Ke2 Nb4 30. Rf3 Na2 31. Ke1 Rd6 32. Bc2
Bc3+ 33. Kf1 Rd2 34. Ne2 Rxc2 35. Nxc3 Nxc3 {White forfeits on time} 0-1

[Event "ICC tourney 2667 (40 10)"]
[Site "Internet Chess Club"]
[Date "2021.09.11"]
[Round "1"]
[White "KUSHALNAGAR, NIRUPAM:K12-17349316"]
[Black "LYNN, BENNETT:ben622"]
[Result "1-0"]
[ICCResult "Black resigns"]
[WhiteElo "1608"]
[BlackElo "2010"]
[Opening "Queen's pawn game"]
[ECO "D00"]
[NIC "QP.07"]
[Time "11:01:50"]
[TimeControl "2400+10"]

1. d4 Nf6 2. Nc3 d5 3. Bf4 g6 4. e3 Bg7 5. h4 c5 6. Nb5 Na6 7. c3 Bd7 8. h5
Nxh5 9. Rxh5 gxh5 10. Qxh5 Qb6 11. a4 Qg6 12. Qxd5 Bc6 13. Qg5 Qxg5 14. Bxg5
cxd4 15. exd4 O-O 16. O-O-O e6 17. Nf3 Rfc8 18. Bd3 Nc7 19. Nd6 Rf8 20. Be7
Rfb8 21. Rh1 h6 22. Ne5 Bxe5 23. dxe5 Nd5 24. Bh4 Nf4 25. Bc2 Ng6 26. Bf6
Kh7 27. Nxf7 Bxg2 28. Rxh6+ Kg8 29. Bxg6 {Black resigns} 1-0

[Event "ICC tourney 2667 (40 10)"]
[Site "Internet Chess Club"]
[Date "2021.09.11"]
[Round "1"]
[White "QUIRKE, JEFFREY L:PawnEatingZombi"]
[Black "RAMESH, RAHUL:rockinroll"]
[Result "0-1"]
[ICCResult "White resigns"]
[WhiteElo "2058"]
[BlackElo "1708"]
[Opening "QGA: 3.e4"]
[ECO "D20"]
[NIC "QG.04"]
[Time "11:01:30"]
[TimeControl "2400+10"]

1. d4 d5 2. c4 dxc4 3. e4 Nf6 4. e5 Nd5 5. Bxc4 Nb6 6. Bd3 Nc6 7. Ne2 Bg4 8.
f3 Bh5 9. Nbc3 e6 10. Be3 Be7 11. O-O O-O 12. Qd2 Nb4 13. Nf4 Nxd3 14. Nxh5
Nb4 15. a3 Nc4 16. Qe2 Nxe3 17. Qxe3 Nc2 18. Qe4 Nxa1 19. Rxa1 c5 20. d5
exd5 21. Nxd5 Qd7 22. Rd1 Kh8 23. Rd2 g6 24. Ng3 Rad8 25. h3 Qe6 26. Nf1 Bg5
27. f4 Be7 28. Nfe3 f5 29. Qc4 b6 30. g3 g5 31. Kh2 Rg8 32. Qc2 Rgf8 33. Rd1
gxf4 34. gxf4 Bh4 35. Qd3 Bf2 36. Nc4 Bd4 37. Nde3 Bxe3 38. Qxd8 Bxf4+ 39.
Kh1 Qc6+ 40. Kg1 Rxd8 41. Rxd8+ Kg7 {White resigns} 0-1

[Event "ICC tourney 2667 (40 10)"]
[Site "Internet Chess Club"]
[Date "2021.09.11"]
[Round "1"]
[White "GUTLA, ARYAN:Aryangambit"]
[Black "TAO, SIHAN:K06-16931716"]
[Result "1-0"]
[ICCResult "Black resigns"]
[WhiteElo "1961"]
[BlackElo "1544"]
[Opening "Sicilian: Velimirovic attack"]
[ECO "B89"]
[NIC "SI.26"]
[Time "11:01:28"]
[TimeControl "2400+10"]

1. e4 c5 2. Nf3 d6 3. d4 cxd4 4. Nxd4 Nf6 5. Nc3 Nc6 6. Bc4 e6 7. Be3 Be7 8.
Qe2 a6 9. O-O-O Qc7 10. Bb3 Bd7 11. g4 h6 12. h4 g6 13. g5 Nh5 14. Nf5 hxg5
15. Nxe7 Nxe7 16. Bxg5 Bc6 17. Rhe1 O-O-O 18. Nd5 Bxd5 19. exd5 e5 20. f4 f6
21. fxe5 fxe5 22. Qg4+ Qd7 23. Qe6 Rde8 24. Re3 Qxe6 25. dxe6 Nf5 26. Rc3+
Kb8 27. e7 Rh7 28. Be6 Nxe7 29. Rxd6 Nf5 30. Rd7 Rxd7 31. Bxd7 Rf8 32. Be6
Nd4 33. Bg4 Nf6 34. Bxf6 Rxf6 35. Re3 Rf4 36. Bd1 Rxh4 37. Rxe5 Rh8 38. Rg5
Rg8 39. c3 Ne6 40. Rg4 Nc7 41. Bb3 Rg7 42. Rg5 Ka7 43. Bc2 Ne6 44. Rxg6 Rxg6
45. Bxg6 Kb6 46. Kc2 Kc5 47. b4+ Kd6 48. Kb3 Nc7 49. Be4 b6 50. Kc4 Ne6 51.
Bb7 Nc7 52. a4 Kd7 53. Bxa6 Nxa6 54. Kb5 Nc7+ 55. Kxb6 Nd5+ 56. Kb7 Nxc3 57.
a5 Nb5 58. a6 Kd6 59. a7 Nc7 60. b5 Kd7 61. b6 {Black resigns} 1-0

[Event "ICC tourney 2667 (40 10)"]
[Site "Internet Chess Club"]
[Date "2021.09.11"]
[Round "1"]
[White "VAKHIDOV, JAKHONGIR:TjkTiger"]
[Black "OBERAI, VIKRAM:vober6"]
[Result "1-0"]
[ICCResult "Black resigns"]
[WhiteElo "2584"]
[BlackElo "1936"]
[Opening "English: four knights, Nimzovich variation"]
[ECO "A28"]
[NIC "EO.09"]
[Time "11:02:22"]
[TimeControl "2400+10"]

1. c4 e5 2. Nc3 Nf6 3. Nf3 Nc6 4. e4 d6 5. h3 Be7 6. d4 exd4 7. Nxd4 Nxd4 8.
Qxd4 O-O 9. Be2 Nd7 10. Nd5 b6 11. b3 Bf6 12. Nxf6+ Qxf6 13. Qxf6 Nxf6 14.
f3 Bb7 15. Kf2 Rfe8 16. Bb2 Nd7 17. Rhe1 Rad8 18. Rad1 Ne5 19. g3 f6 20. Rd2
Nf7 21. h4 Ne5 22. Bd1 Nd7 23. Re3 a5 24. Bc3 Bc6 25. Bc2 Ne5 26. Rd4 Bb7
27. Bd1 Bc8 28. Be2 Nc6 29. Rd1 Ne5 30. Rh1 Kf7 31. g4 h6 32. Kg3 Rh8 33. f4
Nd7 34. Bf3 Rde8 35. Rhe1 Nc5 36. e5 dxe5 37. fxe5 f5 38. Bd5+ Kg6 39. h5+
Kh7 40. e6 f4+ 41. Kxf4 Rhf8+ 42. Kg3 c6 43. e7 Rh8 44. Bf7 {Black resigns}
1-0

[Event "ICC tourney 2667 (40 10)"]
[Site "Internet Chess Club"]
[Date "2021.09.11"]
[Round "1"]
[White "THOMAS, KENNETH PATRICK:kpthomas"]
[Black "LING, CHENXUAN:UnicornMM"]
[Result "0-1"]
[ICCResult "White checkmated"]
[WhiteElo "2036"]
[BlackElo "1626"]
[Opening "Réti opening"]
[ECO "A06"]
[NIC "QP.09"]
[Time "11:01:37"]
[TimeControl "2400+10"]

1. Nf3 d5 2. e3 Nf6 3. c4 c6 4. b3 g6 5. Bb2 Bg7 6. d4 O-O 7. Bd3 Nbd7 8.
Nbd2 e6 9. O-O b6 10. Ne5 Bb7 11. cxd5 cxd5 12. f4 h5 13. h3 Ne4 14. Bxe4
dxe4 15. Ba3 Re8 16. Nec4 Ba6 17. Nxe4 Nf6 18. Nxf6+ Qxf6 19. Rf2 Red8 20.
Rc1 Rac8 21. Rfc2 Qh4 22. Kh2 Rc6 23. g3 Qf6 24. Ne5 Rxc2+ 25. Rxc2 Qf5 26.
Nc6 Re8 27. Ne7+ Rxe7 28. Bxe7 Qe4 29. Qd2 Bb7 30. Rc1 Kh7 31. Bd6 f6 32. b4
Qf3 33. a4 a6 34. Bc7 b5 35. axb5 axb5 36. Bb6 g5 37. Re1 h4 38. gxh4 gxf4
39. e4 Qg3+ 40. Kh1 f5 41. d5 fxe4 42. Qf2 Qxh3+ 43. Kg1 Bxd5 44. Qxf4 e3
45. Qh2 Qg4+ 46. Kf1 Be5 47. Qc2+ Be4 48. Qe2 Qh3+ 49. Kg1 Qh1#
{White checkmated}
0-1

[Event "ICC tourney 2667 (40 10)"]
[Site "Internet Chess Club"]
[Date "2021.09.11"]
[Round "1"]
[White "Otawa, Yuto:hidedozyo"]
[Black "LIN, LEO FANYUE:Leolix"]
[Result "1/2-1/2"]
[ICCResult "Game drawn by mutual agreement"]
[WhiteElo "2221"]
[BlackElo "1850"]
[Opening "QGD Slav defense: exchange variation"]
[ECO "D10"]
[NIC "SL.01"]
[Time "11:02:22"]
[TimeControl "2400+10"]

1. d4 d5 2. c4 c6 3. cxd5 cxd5 4. Bf4 Nf6 5. e3 Nc6 6. Nc3 e6 7. Bd3 Bb4 8.
Ne2 a6 9. O-O O-O 10. h3 Bd6 11. Rc1 e5 12. dxe5 Bxe5 13. Bxe5 Nxe5 14. Nd4
g6 15. Bb1 Bd7 16. Qe2 b5 17. Nf3 Qe7 18. Rfd1 Rac8 19. a3 Bc6 20. Nxe5 Qxe5
21. Rd4 Rfe8 22. Rcd1 Bb7 23. Ba2 Rc5 24. Qf3 Rec8 25. g4 Ba8 26. Qf4 Qxf4
27. Rxf4 Kg7 28. g5 Nd7 29. e4 Ne5 30. Nxd5 Bxd5 31. Bxd5 Rc1 32. Rxc1 Rxc1+
33. Kg2 Rc2 34. b4 Rc3 35. Rf6 Rxa3 36. f4 Nd3 37. Rxf7+ Kg8 38. Be6 Nxb4
39. f5 gxf5 40. exf5 Nd3 41. Rf6+ Kg7 42. Rf7+ Kg8 43. Rd7+ Kf8 44. Rxh7
Nf4+ 45. Kh2 Nxe6 46. fxe6 Re3 47. Rh8+ Ke7 48. g6 Kf6 49. Re8 Kxg6 50. e7
Kf7 51. Ra8 Kxe7 52. Rxa6 b4 53. Rb6 Rb3 54. h4 Rb1 55. h5 Kf7 56. h6 Kg8
57. Rb7 b3 58. Kg2 Kh8 59. Kh2 Kg8 60. Kg2 Kh8 61. Kh2 Rb2+ 62. Kg3 Kg8 63.
Kh3 Rb1 64. Kg2 Kh8 65. Kh2 b2 66. Kg2 Kg8 67. Kh2 Kh8
{Game drawn by mutual agreement}
1/2-1/2

[Event "ICC tourney 2667 (40 10)"]
[Site "Internet Chess Club"]
[Date "2021.09.11"]
[Round "1"]
[White "SZERENCSY, IAN:iszerencsy"]
[Black "Chakrabarti, Brejesh:Kochi222"]
[Result "0-1"]
[ICCResult "White resigns"]
[WhiteElo "1550"]
[BlackElo "2006"]
[Opening "Sicilian: Alapin's variation (2.c3)"]
[ECO "B22"]
[NIC "SI.46"]
[Time "11:01:35"]
[TimeControl "2400+10"]

1. e4 c5 2. c3 d5 3. exd5 Qxd5 4. Nf3 e5 5. d4 e4 6. Ne5 cxd4 7. cxd4 Qa5+
8. Bd2 Bb4 9. Nc4 Bxd2+ 10. Nbxd2 Qd5 11. Qc2 Ne7 12. Qxe4 Qd8 13. Bd3 Nc6
14. Nf3 Bf5 15. Qe3 O-O 16. O-O Nd5 17. Qd2 Bxd3 18. Qxd3 Nf4 19. Qe3 Qf6
20. Rfe1 Nb4 21. Qb3 Nbd3 22. Re3 Qg6 23. Nh4 Qg4 24. g3 Nh3+ 25. Kg2 Ndxf2
26. Nf3 Qf5 27. Re5 Qd7 28. Rae1 Rac8 29. Re7 Qd5 30. Nd2 Qf5 31. R1e5 Qg6
32. Qxb7 h6 33. Qxa7 Rc1 34. Re1 Rxe1 35. Rxe1 Nd3 36. Rf1 Nhf4+ 37. Kh1 Nd5
38. Ne5 Nxe5 39. dxe5 Qd3 40. Qf2 f6 41. Kg1 Ne3 42. Re1 Ng4 43. Qe2 Qd4+
44. Kg2 Nxe5 45. Nb3 Qb4 46. Qd2 Qb7+ 47. Kf2 Nf3 48. Nc5 Qc6 49. Qd7 Qxc5+
50. Kxf3 Kh7 51. Re7 Qg5 52. h4 Qg6 53. Qg4 Qd3+ 54. Kg2 Qd2+ 55. Kh3 Rg8
56. Qe4+ Kh8 57. Re8 Qd7+ 58. Re6 Re8 59. Qg4 Qxe6 60. Qxe6 Rxe6 61. a4 Re4
62. a5 Ra4 {White resigns} 0-1

[Event "ICC tourney 2667 (40 10)"]
[Site "Internet Chess Club"]
[Date "2021.09.11"]
[Round "1"]
[White "Walsh, Tim R:Telos53"]
[Black "POMERANTZ, DANIEL G:dpomerantz135"]
[Result "1/2-1/2"]
[ICCResult "Game drawn because neither player has mating material"]
[WhiteElo "1885"]
[BlackElo "2238"]
[Opening "Queen's pawn: Yusupov-Rubinstein system"]
[ECO "A46"]
[NIC "QP.06"]
[Time "11:01:33"]
[TimeControl "2400+10"]

1. d4 Nf6 2. Nf3 e6 3. e3 b6 4. Bd3 Bb7 5. O-O c5 6. b3 Be7 7. Bb2 O-O 8. c4
cxd4 9. exd4 d5 10. Nc3 Nc6 11. cxd5 Nxd5 12. Nxd5 Qxd5 13. Bc4 Qh5 14. Ne5
Qxd1 15. Rfxd1 Rfd8 16. Rac1 Rac8 17. Nxc6 Rxc6 18. Bb5 Rxc1 19. Rxc1 Rc8
20. Rxc8+ Bxc8 21. Bc6 Bd6 22. g3 Kf8 23. f4 Ke7 24. Kf2 Bd7 25. Bxd7 Kxd7
26. d5 g6 27. dxe6+ Kxe6 28. Bd4 Kd5 29. Ke3 f5 30. Kd3 Bc7 31. Be3 a6 32.
Bd4 b5 33. Be3 h5 34. Bd4 h4 35. b4 Bd6 36. Bc3 Be7 37. Be1 h3 38. Bc3 g5
39. fxg5 Bxg5 40. Be1 f4 41. g4 Bf6 42. Bf2 Be5 43. g5 Bg7 44. g6 Bf6 45.
Bh4 Bg7 46. Bf2 Be5 47. Bc5 Bg7 48. Bb6 Be5 49. Ba7 Bg7 50. Bb8 Ke6 51. Ke4
Bc3 52. Kxf4 Bxb4 53. Kg4 Kf6 54. Kxh3 Kxg6 55. Kg4 Be7 56. h4 a5 57. h5+
Kh7 58. Be5 b4 59. Bb2 a4 60. Be5 b3 61. axb3 axb3 62. Kf5 Kh6 63. Ke4 Kxh5
64. Kd3 Kg4 65. Kc4 Bd6 66. Kxb3
{Game drawn because neither player has mating material}
1/2-1/2

[Event "ICC tourney 2667 (40 10)"]
[Site "Internet Chess Club"]
[Date "2021.09.11"]
[Round "1"]
[White "ZILBERSTEIN, DMITRY:Zil"]
[Black "LIU, ERIC CHANG:el008"]
[Result "1/2-1/2"]
[ICCResult "Game drawn by repetition"]
[WhiteElo "2447"]
[BlackElo "1934"]
[Opening "QGD: classical variation (5.Bf4)"]
[ECO "D31"]
[NIC "QP.08"]
[Time "11:01:27"]
[TimeControl "2400+10"]

1. d4 d5 2. c4 e6 3. Nc3 Be7 4. Nf3 Nf6 5. Bf4 b6 6. cxd5 Nxd5 7. Nxd5 Qxd5
8. a3 Bd6 9. Qd2 Nd7 10. g3 Bb7 11. Bg2 Qb5 12. Bxd6 cxd6 13. a4 Qc6 14. O-O
Nf6 15. Rfc1 Qd7 16. a5 O-O 17. axb6 axb6 18. Qb4 Nd5 19. Qb3 Rxa1 20. Rxa1
Qc7 21. Ne1 Ra8 22. Rxa8+ Bxa8 23. Qa3 Bb7 24. Nd3 Bc6 25. e4 Nf6 26. Qc3
Qb7 27. f3 d5 28. e5 Nd7 29. Nb4 Bb5 30. h4 Nb8 31. h5 h6 32. Bf1 Bxf1 33.
Kxf1 Qd7 34. Ke2 Qb5+ 35. Kd2 Nd7 36. Nd3 Nf8 37. f4 f5 38. exf6 gxf6 39.
Qc7 Qd7 40. Qxb6 Qg7 41. Qd8 Qxg3 42. Qxf6 Qh2+ 43. Kc3 Qxh5 44. b4 Qh1 45.
b5 Qa1+ 46. Kd2 Qa5+ 47. Ke3 Qxb5 48. Qxh6 Qb3 49. Qf6 Qd1 50. Qg5+ Kh7 51.
f5 exf5 52. Qxf5+ Kg7 53. Qxd5 Qg1+ 54. Nf2 Qe1+ 55. Kf3 Ne6 56. Qd7+ Kg6
57. Qe8+ Kg7 58. Qe7+ Kg6 59. Qe8+ Kg7 60. Qd7+ Kg6 61. Qc6 Kg7 62. Kg2 Nf4+
63. Kf3 Qe2+ 64. Kxf4 Qxf2+ 65. Ke5 Qe3+ 66. Qe4 Qg3+ 67. Ke6 Qh3+ 68. Kd6
Qa3+ 69. Kd7 Qa4+ 70. Ke7 Qa7+ 71. Ke6 Qb6+ 72. Kf5 Qf6+ 73. Kg4 Qg6+ 74.
Kf4 Qf6+ 75. Ke3 Qg5+ 76. Kd3 Qg3+ 77. Kc4 Qc7+ 78. Kb5 Qd7+ 79. Kc5 Qa7+
80. Kd5 Qb7+ 81. Ke5 Qe7+ 82. Kf4 Qh4+ 83. Ke3 Qe1+ 84. Kf3 Qh1+ 85. Kf4
Qh4+ 86. Kf5 Qh5+ 87. Kf4 Qh4+ {Game drawn by repetition} 1/2-1/2